AoeStats
← ZamSerg

African Clearing

506306085Analyzed
4v4 RM · 19d ago on Sep 13, 2026· 39m 20s· 8 players
Game mode
Random Map
Map size
Large (8 player)
Population
200
Speed
Normal
Resources
Standard
Victory
Conquest
Starting age
Dark Age
Ending age
Imperial Age
RankedLock teamsTeams togetherTeam positionsShared explorationLock speedFull tech treeHidden civsTurbo modeCheats
Victory
Defeat
🇲🇽 Huns · Mexico
1344
+14
🇨🇱 Chinese · Chile
1343
+14
🇵🇦 Italians · Panama
1320
+15
🇲🇽 Mongols · Mexico
1283
+16
🇨🇳 Koreans · China
1322
-16
🇨🇳 Mongols · China
1322
-16
🇹🇼 Vietnamese · Taiwan
1271
-14
🇷🇺 Burgundians · Russia
1260
-13
Seifer
4:42 Loom
10:11 Feudal Age
10:47 Double-Bit Axe
17:03 Castle Age
15:37 Town Watch
18:02 Bow Saw
17:44 Horse Collar
18:39 Heavy Plow
20:44 Wheelbarrow
23:17 Gold Mining
24:32 Bloodlines
25:04 Gold Shaft Mining
24:57 Husbandry
27:33 Scale Barding Armor
27:39 Forging
28:35 Chain Barding Armor
29:22 Hand Cart
30:22 Iron Casting
34:20 Imperial Age
32:56 Light Cavalry
34:43 Elite Steppe Lancer
36:25 Blast Furnace
35:24 Hussar
38:46 Siege Engineers
38:16 Capped Ram
38:50 Stone Mining
Ziton127
11:24 Loom
13:40 Feudal Age
14:46 Man-at-Arms
15:28 Double-Bit Axe
18:45 Fletching
23:56 Castle Age
25:08 Bow Saw
29:22 Bodkin Arrow
29:27 Padded Archer Armor
29:26 Horse Collar
31:56 Leather Archer Armor
32:16 Stone Mining
33:09 Gold Mining
33:56 Bloodlines
33:47 Husbandry
38:30 Heavy Plow
41:57 Imperial Age
Jhasper con manos
2:50 Loom
12:40 Feudal Age
16:42 Castle Age
14:47 Double-Bit Axe
15:14 Fishing Lines
17:38 Bow Saw
18:55 Wheelbarrow
18:04 Horse Collar
18:42 Gillnets
20:42 Fletching
21:22 Padded Archer Armor
21:24 Bodkin Arrow
21:58 Padded Archer Armor
24:13 Ballistics
30:35 Hand Cart
31:09 Leather Archer Armor
32:14 Gold Mining
35:48 Imperial Age
33:53 Stone Mining
34:05 Heavy Plow
36:58 Conscription
37:09 Conscription
37:22 Ring Archer Armor
36:53 Bracer
37:55 Chemistry
39:35 Ring Archer Armor
39:12 Scale Barding Armor
38:39 Elite Chu Ko Nu
Xerg
4:06 Loom
15:35 Feudal Age
20:29 Castle Age
20:04 Fletching
20:56 Padded Archer Armor
21:39 Bodkin Arrow
22:27 Double-Bit Axe
27:07 Wheelbarrow
28:02 Scale Mail Armor
28:05 Padded Archer Armor
29:05 Leather Archer Armor
29:43 Bow Saw
30:54 Horse Collar
32:10 Thumb Ring
35:39 Imperial Age
33:28 Heavy Plow
34:17 Ballistics
35:40 Elite Genoese Crossbowman
36:22 Bracer
37:28 Chemistry
36:55 Stone Mining
36:56 Gold Mining
37:22 Hand Cart
38:09 Town Watch
38:52 Conscription
40:02 Crop Rotation
杨吉光
7:04 Loom
12:51 Feudal Age
19:03 Castle Age
17:23 Double-Bit Axe
18:39 Gold Mining
22:17 Fletching
25:36 Bodkin Arrow
29:59 Gold Shaft Mining
32:30 Stone Mining
34:43 Ballistics
37:03 Wheelbarrow
张世豪
8:00 Loom
12:33 Feudal Age
13:14 Double-Bit Axe
15:19 Gold Mining
17:44 Castle Age
16:03 Horse Collar
19:04 Bow Saw
18:47 Fletching
21:30 Padded Archer Armor
24:05 Wheelbarrow
24:39 Ballistics
24:25 Bodkin Arrow
26:58 Leather Archer Armor
28:07 Hand Cart
30:48 Bloodlines
30:39 Husbandry
32:14 Thumb Ring
34:17 Stone Mining
ZamSerg
4:58 Loom
7:37 Double-Bit Axe
8:21 Loom
13:11 Feudal Age
12:31 Horse Collar
26:43 Castle Age
37:16 Wheelbarrow
a506b8123il
3:08 Loom
13:32 Feudal Age
14:04 Double-Bit Axe
20:19 Castle Age
18:58 Stone Mining
21:12 Bow Saw
22:53 Fletching
28:24 Horse Collar
31:17 Wheelbarrow
31:55 Town Watch
33:00 Heavy Plow
37:26 Imperial Age
35:11 Bodkin Arrow
35:26 Gold Mining
35:49 Pikeman
36:30 Squires
36:31 Scale Mail Armor
36:54 Hand Cart
38:18 Ballistics
38:42 Guilds
38:48 Bracer
39:22 Crop Rotation
39:55 Chain Mail Armor
Connection lost

Rejoining the realm…

Still unreachable

The connection could not be restored.

Session expired

The server has moved on; the page needs a fresh start.